 Dungeon Crawl Stone Soup version 0.17.1-2-g5865329 (webtiles) character file.

215 Mysteryquy the Skirmisher (level 6, -3/48 HPs)
             Began as a Human Fighter on Jan 21, 2016.
             Slain by an ogre
             ... wielding a +0 giant club
              (11 damage)
             ... on level 4 of the Dungeon.
             The game lasted 00:06:24 (3607 turns).

Mysteryquy the Skirmisher (Human Fighter)           Turns: 3607, Time: 00:06:24

Health: -3/48      AC: 12    Str: 19 (21) XL:     6   Next: 15%
Magic:  6/6        EV:  8    Int:  9      God:
Gold:   177        SH:  9    Dex: 10      Spells: 0 memorised, 5 levels left

rFire  . . .     SeeInvis .     a - +0 long sword
rCold  . . .     Clarity  .     s - +3 ring mail
rNeg   . . .     SustAt   .     c - +0 shield
rPois  .         Gourm    .     (no helmet)
rElec  .         Spirit   .     k - +1 cloak
rCorr  .         Warding  .     l - +0 pair of gloves
rMut   .         Stasis   .     (no boots)
MR     .....                    (no amulet)
Stlth  ..........               (no ring)
                                (no ring)

@: mighty, not resistant to hostile enchantments, extremely unstealthy
A: clumsy 1, spit poison 1, weak 1
a: Spit Poison


You were on level 4 of the Dungeon.
You were hungry.

You visited 1 branch of the dungeon, and saw 4 of its levels.

You collected 177 gold pieces.

Inventory:

Hand Weapons
 a - a +0 long sword (weapon)
Armour
 b - a +0 scale mail
 c - a +0 shield (worn)
 k - a +1 cloak (worn)
 l - a +0 pair of gloves (worn)
 s - a +3 ring mail (worn)
Jewellery
 p - a +3 ring of strength {unknown}
 q - an uncursed ring of wizardry {unknown}
 w - an uncursed ring of wizardry {unknown}
 x - a +3 ring of dexterity {unknown}
Scrolls
 g - 4 scrolls of magic mapping {unknown}
 h - 4 scrolls of identify {unknown}
 i - 3 scrolls of recharging {unknown}
 j - 2 scrolls of remove curse {unknown}
 o - a scroll of random uselessness {unknown}
 t - a scroll of enchant armour {unknown}
 u - 3 scrolls of immolation {unknown}
Potions
 d - a potion of might
 f - 2 potions of brilliance
 n - a potion of agility
Comestibles
 e - 3 bread rations
 m - 2 meat rations
 r - 2 slices of pizza
 v - 4 fruits


   Skills:
 + Level 4.0 Fighting
 + Level 3.1 Long Blades
 + Level 4.0 Armour
 - Level 1.3 Dodging
 + Level 4.0 Shields


You had 5 spell levels left.
You didn't know any spells.

Dungeon Overview and Level Annotations

Branches:
Dungeon (4/15)
 Temple: D:4-7

Altars:
Yredelemnul
Zin

Shops:
D:4 =


Innate Abilities, Weirdness & Mutations

You are clumsy. (Dex -2)
You can spit weak poison.
You are weak. (Str -2)


Message History

You are too injured to fight recklessly!
You are too injured to fight recklessly!
You are too injured to fight recklessly!
You are too injured to fight recklessly!
You are too injured to fight recklessly!
You are too injured to fight recklessly!
You are too injured to fight recklessly!
You are too injured to fight recklessly!
You are too injured to fight recklessly!
You block the scorpion's attack. The centaur skeleton barely misses you.
The scorpion stings you.
* * * LOW HITPOINT WARNING * * *
There is an escape hatch in the floor here.
There is an open door here.
Drink which item? (? for menu, Esc to quit)
You feel very mighty all of a sudden. The ogre barely misses you.
Your shield and ring mail prevent you from hitting the ogre.
The ogre hits you with a giant club!
You die...

### ######## #.. #..$...######
+..
#.#####.....Z##...###########..
...........>sO@...'.........+..
.#.......#####...#####.#####..
#...........#...# #.# #..
+...).......#...# #.# ###
#......$....#...# #.# #
..####......$#...# #.####### ##
#.......##### #........
#....(..#########........
.........................


You could see an ogre, a scorpion and a centaur skeleton.

Vanquished Creatures
  An orc priest (D:4)
  An orc wizard (D:3)
  3 adders
  2 oozes
  6 worms
  4 giant geckos
  15 orcs
  5 ball pythons
  2 giant cockroaches
  11 goblins
  11 hobgoblins
  5 jackals (D:3)
  4 kobolds
  6 bats
  3 giant newts
  2 quokkas (D:2)
  12 rats
93 creatures vanquished.

Notes
Turn   | Place    | Note
--------------------------------------------------------------
     0 | D:1      | Mysteryquy the Human Fighter began the quest for the Orb.
     0 | D:1      | Reached XP level 1. HP: 18/18 MP: 1/1
   132 | D:1      | Reached XP level 2. HP: 24/24 MP: 2/2
   391 | D:1      | Reached XP level 3. HP: 29/29 MP: 3/3
   875 | D:2      | Reached skill level 1 in Dodging
  1073 | D:2      | Reached XP level 4. HP: 32/35 MP: 4/4
  1306 | D:2      | Found a basalt altar of Yredelemnul.
  1411 | D:2      | Found a glowing silver altar of Zin.
  1907 | D:3      | Gained mutation: You are weak. (Str -2) [potion of mutation]
  1907 | D:3      | Gained mutation: You are clumsy. (Dex -2) [potion of mutation]
  1907 | D:3      | Gained mutation: You can spit weak poison. [potion of mutation]
  1921 | D:3      | Reached XP level 5. HP: 11/42 MP: 5/5
  3275 | D:4      | Reached skill level 4 in Fighting
  3275 | D:4      | Reached XP level 6. HP: 19/48 MP: 6/6
  3490 | D:4      | Found Zoicly's Jewellery Emporium.
  3593 | D:4      | Noticed an ogre
  3607 | D:4      | Slain by an ogre

Action                   |  1- 3 |  4- 6 || total
-------------------------+-------+-------++-------
Melee: Long sword        |   117 |   302 ||   419
  Use: Potion            |       |     8 ||     8
  Eat: Chunk             |     1 |     8 ||     9
